 Dungeon Crawl Stone Soup version 0.30-a0-719-gcc4359ea44 (webtiles) character file.

Game seed: 8543027565212271217

29 M4edhros the Insei (level 3, -1/22 (23) HPs)
             Began as an Octopode Transmuter on Jan 26, 2023.
             Slain by a necrophage (7 damage)
             ... on level 4 of the Dungeon.
             The game lasted 00:00:34 (576 turns).

M4edhros the Insei (Octopode Transmuter)             Turns: 576, Time: 00:00:35

HP:   -1/22 (23)    AC:  1    Str:  9    XL:     3   Next: 16%
MP:   6/6           EV: 13    Int: 15    God:
Gold: 53            SH:  0    Dex: 14    Spells: 5/6 levels left

rFire   . . .      SeeInvis .      - Unarmed
rCold   . . .      Faith    .    (no shield)
rNeg    . . .      Spirit   .    (helmet restricted)
rPois   .          Reflect  .    (no amulet)
rElec   .          Harm     .    (no ring)
rCorr   .          Rampage  .    (no ring)
Will    .....                    (no ring)
Stlth   ++                       (no ring)
HPRegen 0.23/turn                (no ring)
MPRegen 0.10/turn                (no ring)
                                 (no ring)
                                 (no ring)

@: lightly drained
A: almost no armour, amphibious, 8 rings, camouflage 1, gelatinous body 1,
(nimble swimmer 1), tentacles
a: no special abilities


You were on level 4 of the Dungeon.
You visited 1 branch of the dungeon, and saw 4 of its levels.

You collected 53 gold pieces.

Inventory:

Scrolls
 d - a scroll of identify {unknown}
 e - a scroll of teleportation {unknown}
 f - a scroll of summoning {unknown}
Potions
 a - a potion of lignification
 b - a potion of haste {unknown}
 c - a potion of invisibility {unknown}


   Skills:
 + Level 1.6 Fighting
 + Level 2.4 Dodging
 * Level 3.6 Unarmed Combat
 - Level 2.0 Spellcasting
 - Level 2.0 Transmutations


You had 5 spell levels left.
You knew the following spells:

 Your Spells              Type           Power      Damage    Failure   Level
a - Beastly Appendage     Tmut           14%        N/A       10%         1

Your spell library contained the following spells:

 Spells                   Type           Power      Damage    Failure   Level
 Wereblood                Tmut           7%         N/A       14%         2
 Spider Form              Tmut/Pois      4%         N/A       41%         3
 Ice Form                 Ice/Tmut       4%         N/A       82%         4


Dungeon Overview and Level Annotations

Branches:
Dungeon (4/15)
 Temple: D:4-7

Altars:


Innate Abilities, Weirdness & Mutations

You cannot wear most types of armour.
You are amphibious.
You can wear up to eight rings at the same time.
Your skin changes colour to match your surroundings (Stealth+).
Your rubbery body absorbs attacks. (AC +1, EV +1)
((You are camouflaged when in or above water. (Stealth+)))
You have tentacles for arms and can constrict up to eight enemies at once.


Message History

Found a stone staircase leading down.
f - a scroll labelled GAM JODUKIQI You open the door.
Found a stone staircase leading down.
No target in view!
No target in view!
No target in view!
No target in view!
(D) Dungeon
Where to? (Enter - D:3, ? - help)
There is an open door here.
Found a glowing dagger.
There is a stone staircase leading down here.
You climb downwards.
Found 6 gold pieces.
Found an escape hatch in the ceiling.
There is a stone staircase leading up here.
Found a sling.
You now have 53 gold pieces (gained 6).
Found a stone staircase leading down.
No target in view!
No target in view!
A necrophage comes into view.
Found 16 gold pieces.
The helpless necrophage fails to defend itself.
You tentacle-slap the necrophage. Your grab misses the necrophage.
The necrophage is lightly damaged.
You closely miss the necrophage. Your grab misses the necrophage.
The necrophage is lightly damaged.
The necrophage hits you!
You closely miss the necrophage. You grab the necrophage.
The necrophage is lightly damaged.
You constrict the necrophage. The necrophage hits you.
You feel drained.
You tentacle-slap the necrophage but do no damage.
The necrophage is lightly damaged.
You constrict the necrophage. The necrophage hits you!
* * * LOW HITPOINT WARNING * * *
You barely miss the necrophage.
The necrophage is lightly damaged.
You constrict the necrophage. The necrophage hits you!
You die...

#) #. ##. ####
#.. .$# #..###n#
#..#<#@#
#..#.#.#
#....#.# ###
..##..#.#.#.....
...........>#
...##..#<#.#.#
.. #..#.#.#.# .
#..#.#.# #
#..#.#.#


You could see a necrophage.

Vanquished Creatures
  An adder (D:2)
  3 endoplasms
  2 giant cockroaches
  4 hobgoblins
  A quokka (D:1)
  3 bats
  A kobold (D:2)
  2 rats
17 creatures vanquished.

Notes
Turn   | Place    | Note
-------+----------+-------------------------------------------
     0 | D:1      | M4edhros the Octopode Transmuter began the quest for the
                  | Orb.
     0 | D:1      | Reached XP level 1. HP: 13/13 MP: 3/3
    74 | D:1      | Reached XP level 2. HP: 5/18 MP: 5/5
   348 | D:2      | Reached XP level 3. HP: 23/23 MP: 6/6
   567 | D:4      | Noticed a necrophage
   576 | D:4      | Slain by a necrophage

Illustrated notes

Levels and vault maps discovered:
D:1:      amcnicky_arrival_abandoned_market, layout_basic
D:2:      layout_loops_ring, minmay_tall_x
D:3:      minmay_wonky_spiral, layout_basic, mainiacjoe_overflow_boulevard,
          hangedman_abyss_or_decor_stabs, serial_bayou_pond_e, minivault_19
D:4:      layout_basic, gammafunk_temple_overflow_elements, grunt_ministairs_9,
          uniq_pikel, uniq_natasha

Action                     || total
---------------------------++-------
  Melee: Unarmed           ||    40
         Tentacles         ||     9
         Constrict         ||     9
         Punch             ||     1
   Stab: Sleeping          ||     4
 Armour: Skin              ||     3
  Dodge: Dodged            ||    13

Table legend: (Time is in decaauts)
 A = Elapsed time spent in this place.
 B = Non-inter-level travel time spent in this place.
 C = Inter-level travel time spent in this place.
 D = Time resting spent in this place.
 E = Time spent auto-exploring this place.
 F = Levels seen in this place.
 G = Mean time per level.
                   A        B        C        D        E       F      G
               +--------+--------+--------+--------+--------+-----+--------+
         Total |    572 |    545 |     27 |      0 |    422 |   4 |  143.0 |
       Dungeon |    572 |    545 |     27 |      0 |    422 |   4 |  143.0 |
               +--------+--------+--------+--------+--------+-----+--------+

Top non-repeatable levels by time:
     D:2: 275 daAuts
     D:3: 198 daAuts
     D:1: 83 daAuts
     D:4: 15 daAuts
